[Event "Early-Titled-Tuesday-Blitz-January-30-2024"]
[Site "Chess.com"]
[Date "2024.01.30"]
[Round "11"]
[White "elchacal664"]
[Black "aksuliini1"]
[Result "1-0"]
[WhiteElo "2397"]
[BlackElo "2505"]
[TimeControl "180+1"]
[EndTime "10:12:16 PST"]
[Termination "elchacal664 won by resignation"]

1. e4 c5 2. Nf3 d6 3. d4 cxd4 4. Qxd4 Nc6 5. Bb5 Bd7 6. Bxc6 Bxc6 7. Nc3 e5 8. Qd3 h6 9. Nd2 Nf6 10. Nc4 b5 11. Ne3 a6 12. Ncd5 Bxd5 13. Nxd5 Rc8 14. a4 Nxd5 15. exd5 Qb6 16. Be3 Qb7 17. axb5 axb5 18.
Ra7 Qb8 19. Qf5 Rc7 20. Ra6 Qc8 21. Qxc8+ Rxc8 22. Kd2 Be7 23. Rb6 f5 24. f3 g5 25.
Rxb5 Kd7 26. Ra1 Rc7 27. Ra7 Rxa7 28. Bxa7 Rc8 29. Rb7+ Ke8 30. Be3 Ra8 31. Ra7 Rb8 32.
b3 Rb5 33. Ke2 f4 34. Bf2 h5 35. h3 Bf6 36. Rh7 h4 37. Ra7 Kf8 38. Ra3 Kf7 39.
c4 Rb7 40. Kd3 Kg6 41. Ke4 Rb8 42. Ba7 Ra8 43. b4 Be7 44. b5 Bd8 45. Ra6 Be7 46. b6 Rc8 47. Kd3 Kf5 48. b7 1-0

[Event "Early-Titled-Tuesday-Blitz-January-30-2024"]
[Site "Chess.com"]
[Date "2024.01.30"]
[Round "11"]
[White "Orujov2008"]
[Black "rasmussvane"]
[Result "1/2-1/2"]
[WhiteElo "2724"]
[BlackElo "2956"]
[TimeControl "180+1"]
[EndTime "10:12:19 PST"]
[Termination "Game drawn - insufficient material"]

1. e4 c6 2. d4 d5 3. Nc3 dxe4 4. Nxe4 Nd7 5. Ng5 h6 6. Ne6 Qb6 7. Nxf8 Nxf8 8. Nf3 Nf6 9. Bd3 Bf5 10. Bxf5 Qa5+ 11.
Bd2 Qxf5 12. O-O Ng6 13. c4 O-O 14. Qb3 b5 15. Rac1 Rfc8 16. cxb5 cxb5 17. Rfe1 e6 18. Ne5 Rxc1 19. Bxc1 a6 20. a4 Nxe5 21. dxe5 Nd5 22. axb5 Rb8 23. Qg3 Rxb5 24. Bxh6 Qh7 25. Bg5 Rxb2 26.
Rc1 Rb1 27. Qa3 Qc2 28. Rxb1 Qxb1+ 29. Qc1 Qf5 30. f4 a5 31. Qa1 f6 32. exf6 gxf6 33.
Bh4 Nxf4 34. Bxf6 Qg6 35. Qb2 Nxg2 36. Qxg2 Kf7 37. Qxg6+ Kxg6 38. Ba1 Kf5 39. Kf2 Kg4 40. Be5 Kh3 41. Kg1 a4 42. Kh1 a3 43. Kg1 a2 44.
Kh1 Kg4 45. Kg2 Kf5 46. Bb2 e5 47. Kg3 e4 48. h4 e3 49. Kf3 e2 50. Kxe2 Kg4 51.
Kd2 Kxh4 52. Kc2 a1=Q 53. Bxa1 1/2-1/2

[Event "Early-Titled-Tuesday-Blitz-January-30-2024"]
[Site "Chess.com"]
[Date "2024.01.30"]
[Round "11"]
[White "frederiksvane"]
[Black "Byniolus"]
[Result "1-0"]
[WhiteElo "2931"]
[BlackElo "2846"]
[TimeControl "180+1"]
[EndTime "10:12:20 PST"]
[Termination "frederiksvane won by checkmate"]

1. e4 d6 2. d4 Nf6 3. Nc3 c6 4. Nf3 Bg4 5. Be2 e6 6. O-O Be7 7. Be3 d5 8. e5 Nfd7 9. Ne1 Bxe2 10.
Nxe2 c5 11. c3 Nc6 12. Nd3 cxd4 13. cxd4 O-O 14. Nef4 Rc8 15. Qg4 Kh8 16. Rad1 Nb6 17.
b3 Nb4 18. Nxb4 Bxb4 19. Nh5 Rg8 20. Bg5 Be7 21. h4 Nd7 22. Rc1 Rc6 23. Rxc6 bxc6 24.
Rc1 c5 25. Qg3 f6 26. Bd2 fxe5 27. dxe5 Bxh4 28. Qh2 Bg5 29. f4 Bh6 30. g4 Nxe5 31.
fxe5 Bxd2 32. Qxd2 Qh4 33. Qf4 c4 34. bxc4 dxc4 35. Kg2 Rb8 36. Rc2 Qd8 37. Qxc4 h6 38.
Qxe6 Qd3 39. Rc8+ Kh7 40. Nf6+ Kg6 41. Ne4+ Kh7 42. Qf5+ g6 43. Qf7# 1-0

[Event "Early-Titled-Tuesday-Blitz-January-30-2024"]
[Site "Chess.com"]
[Date "2024.01.30"]
[Round "11"]
[White "Witik"]
[Black "MFatigue"]
[Result "1-0"]
[WhiteElo "2655"]
[BlackElo "2465"]
[TimeControl "180+1"]
[EndTime "10:12:20 PST"]
[Termination "Witik won by resignation"]

1. d4 d5 2. c4 c6 3. Nf3 Nf6 4. Qc2 e6 5. g3 Be7 6. Bg2 O-O 7. O-O Ne4 8. Nfd2 f5 9. f3 Nd6 10. b3 Bf6 11. Bb2 Nf7 12. f4 Nd6 13. e3 g5 14. Nf3 g4 15. Ne5 h5 16. Nc3 Kg7 17. h4 gxh3 18. Bxh3 dxc4 19. Nxc4 Nxc4 20.
bxc4 Kf7 21. Qe2 Kg6 22. Rad1 Qa5 23. e4 Na6 24. Rf3 Bd7 25. d5 cxd5 26. exf5+ exf5 27. Nxd5 Rae8 28. Qg2 Qc5+ 29. Kh2 Bxb2 30. Qxb2 Bc6 31. Rfd3 Re6 32. R1d2 Rfe8 33. Bg2 b6 34. Rc3 Bxd5 35. cxd5 Qb4 36. Qxb4 Nxb4 1-0

[Event "Early-Titled-Tuesday-Blitz-January-30-2024"]
[Site "Chess.com"]
[Date "2024.01.30"]
[Round "11"]
[White "Durarbayli"]
[Black "jk13"]
[Result "1-0"]
[WhiteElo "2906"]
[BlackElo "2702"]
[TimeControl "180+1"]
[EndTime "10:12:22 PST"]
[Termination "Durarbayli won by checkmate"]

1. c4 Nf6 2. Nc3 e6 3. e4 e5 4.
Nf3 Nc6 5. g3 Bb4 6. d3 O-O 7.
Bg2 d6 8. h3 h6 9. O-O a5 10.
Ne2 Nh7 11. Nh4 Ng5 12. Kh2 Ne6 13. Nf5 Bc5 14. f4 Ned4 15. g4 Kh7 16. Neg3 Ne6 17. fxe5 dxe5 18. Qd2 Nf4 19. Rxf4 exf4 20. Qxf4 Bxf5 21.
Qxf5+ Kg8 22. Qxc5 Qxd3 23. g5 hxg5 24. Bxg5 Rfe8 25.
Bf4 Qc2 26. b3 Rad8 27. Qg5 Re6 28. Rf1 Rg6 29. Qf5 Nd4 30. Qxa5 Re8 31. Qe1 Ne6 32.
Qf2 Qd3 33. Be5 f6 34. Ba1 Ng5 35. Qf5 Nxh3 36. Qxg6 Ng5 37. Qxe8+ Kh7 38. Qh5+ Kg8 39. Qe8+ Kh7 40. Bxf6 gxf6 41. Qh5+ Kg7 42. Nf5+ Kf8 43.
Qh8+ Kf7 44. Qg7+ Ke6 45. Qe7# 1-0

[Event "Early-Titled-Tuesday-Blitz-January-30-2024"]
[Site "Chess.com"]
[Date "2024.01.30"]
[Round "11"]
[White "brm72"]
[Black "h4parah5"]
[Result "0-1"]
[WhiteElo "2692"]
[BlackElo "2899"]
[TimeControl "180+1"]
[EndTime "10:12:22 PST"]
[Termination "h4parah5 won on time"]

1. e4 c5 2. Nf3 Nc6 3. Bb5 e6 4. O-O Nge7 5. Re1 a6 6. Bf1 d5 7.
exd5 Nxd5 8. d4 Nf6 9. Be3 cxd4 10. Nxd4 Bd7 11. c4 Qc7 12. Nc3 Bd6 13. h3 O-O 14. Qd2 Rfd8 15. Rad1 Nxd4 16. Bxd4 Bh2+ 17. Kh1 e5 18.
Be3 Bg4 19. Kxh2 Bxd1 20. Qc1 Bh5 21. Bg5 Qd6 22. Nd5 Re8 23. Bxf6 gxf6 24. Qh6 Bg6 25. h4 e4+ 26. Kg1 Re5 27. g4 e3 28. Rxe3 Rxe3 29. Qxe3 Kg7 30. h5 Bb1 31. h6+ Kh8 32. Qf3 Rg8 33.
Nxf6 Rg6 34. Nh5 f5 35. Qc3+ Kg8 36. c5 Rxg4+ 37. Ng3 Qxh6 38. Bc4+ Kf8 39. Qh8+ Ke7 40. Qe5+ Kd7 41. Kf1 Qc1+ 42. Kg2 Qxc4 43. Qd6+ Ke8 0-1

[Event "Early-Titled-Tuesday-Blitz-January-30-2024"]
[Site "Chess.com"]
[Date "2024.01.30"]
[Round "11"]
[White "YurasovMat-2012"]
[Black "Matibar"]
[Result "0-1"]
[WhiteElo "2630"]
[BlackElo "2818"]
[TimeControl "180+1"]
[EndTime "10:12:22 PST"]
[Termination "Matibar won on time"]

1. e4 c5 2. Nf3 a6 3. c4 Nc6 4. d4 cxd4 5. Nxd4 Nf6 6. Nc3 e5 7. Nf5 d5 8. cxd5 Nxe4 9. Nxg7+ Bxg7 10. Nxe4 Nd4 11. Nc3 O-O 12. Bd3 f5 13. O-O e4 14.
Bc4 b5 15. Be3 Qf6 16. Bxd4 Qxd4 17. Bb3 Bd7 18. Qh5 Rf6 19. Rad1 Qe5 20. d6+ Kh8 21.
Rd5 Qe8 22. Qxe8+ Rxe8 23. Rfd1 f4 24. Re1 e3 25. f3 Rg6 26. Bc2 Rh6 27. g3 Be5 28. Ne4 Bxb2 29. gxf4 Rg8+ 30. Rg5 Rf8 31. Kg2 Rxf4 32. Rxe3 Rfh4 33. Kf1 Rxh2 34. Nf2 Rxd6 35. Ne4 Rc6 36. Bd3 Rc1+ 37. Re1 Rh1+ 38. Kg2 Rcxe1 39.
Ng3 Rhg1+ 0-1

[Event "Early-Titled-Tuesday-Blitz-January-30-2024"]
[Site "Chess.com"]
[Date "2024.01.30"]
[Round "11"]
[White "Elsa167"]
[Black "IwkooO"]
[Result "1/2-1/2"]
[WhiteElo "2862"]
[BlackElo "2689"]
[TimeControl "180+1"]
[EndTime "10:12:23 PST"]
[Termination "Game drawn by repetition"]

1. e4 c5 2. Nf3 e6 3. d4 cxd4 4. Nxd4 Nc6 5. Nc3 Qc7 6. f4 a6 7.
Nxc6 Qxc6 8. Bd3 b5 9. Qe2 Bb7 10. Bd2 Bc5 11. O-O-O b4 12. Nd5 Qd6 13. Ne3 Qxf4 14.
Rhf1 Qc7 15. Qg4 g6 16. Nc4 Ne7 17. Bf4 Qc6 18. Ne5 Qb6 19. Nxf7 Rf8 20. Ne5 Be3+ 21. Bxe3 Qxe3+ 22. Kb1 O-O-O 23. Nc4 Qc5 24. Qg3 Rxf1 25. Rxf1 d6 26. b3 Nc6 27. Qh3 Nd4 28. Qxh7 d5 29. exd5 Bxd5 30. Ne5 Nb5 31. Bxb5 Qxb5 32. Nd3 Be4 33.
Rc1 Kb8 34. Qe7 Rd7 35. Qxe6 Bxd3 36. cxd3 Qxd3+ 37. Rc2 Qd1+ 38. Rc1 Qd3+ 39. Ka1 Qd4+ 40. Kb1 Qd3+ 1/2-1/2

[Event "Early-Titled-Tuesday-Blitz-January-30-2024"]
[Site "Chess.com"]
[Date "2024.01.30"]
[Round "11"]
[White "marik_spb"]
[Black "bazar-wokzal"]
[Result "0-1"]
[WhiteElo "2465"]
[BlackElo "2604"]
[TimeControl "180+1"]
[EndTime "10:12:23 PST"]
[Termination "bazar-wokzal won by resignation"]

1. e4 c5 2. Nf3 d6 3. d4 cxd4 4. Nxd4 Nf6 5. Nc3 a6 6. Be2 g6 7. Be3 Bg7 8. Qd2 Nc6 9. f3 Nxd4 10. Bxd4 O-O 11. g4 b5 12. h4 b4 13. Nd1 e5 14.
Be3 d5 15. Nf2 dxe4 16. fxe4 Bb7 17. O-O-O Qxd2+ 18. Bxd2 Nxe4 19. Nxe4 Bxe4 20. Rhe1 Rfc8 21. c3 Bf8 22. Bxa6 Rxa6 23. Rxe4 bxc3 24. Bxc3 Rxa2 25. Rxe5 Bg7 26. Kb1 Bxe5 27. Kxa2 Bxc3 28. bxc3 Rxc3 29. Rd4 Kg7 30. Kb2 Rc7 31. g5 f5 32. gxf6+ Kxf6 33. Rf4+ Ke5 34. Rf1 Rc4 35. h5 gxh5 36. Rf7 h4 37.
Rxh7 Rg4 38. Kc3 Ke4 39. Kd2 Kf3 40. Ke1 Kg2 41. Re7 h3 42. Re2+ Kg1 43. Re3 h2 0-1

[Event "Early-Titled-Tuesday-Blitz-January-30-2024"]
[Site "Chess.com"]
[Date "2024.01.30"]
[Round "11"]
[White "IMRosen"]
[Black "KubaGepard"]
[Result "0-1"]
[WhiteElo "2696"]
[BlackElo "2558"]
[TimeControl "180+1"]
[EndTime "10:12:24 PST"]
[Termination "KubaGepard won on time"]

1. d4 d5 2. Bf4 Nf6 3. e3 e6 4. Nf3 Bd6 5. Ne5 Nfd7 6. c4 Nxe5 7. dxe5 Bb4+ 8. Nc3 O-O 9. Qc2 c5 10. Bd3 h6 11. a3 Qa5 12. Rc1 Bxc3+ 13. Qxc3 Qxc3+ 14. Rxc3 b6 15. b4 Na6 16. cxd5 cxb4 17. Rb3 Nc5 18.
Bc4 Nxb3 19. Bxb3 bxa3 20. e4 a5 21. Kd2 a4 22. Ba2 Bd7 23. Be3 Rab8 24. f4 Rfd8 25. Rb1 exd5 26. exd5 Be6 27. Rb5 Bd7 28. Rb4 b5 29. Kd3 Rdc8 30. Bd2 Bf5+ 31. Kd4 Rc2 32. Bc3 Rxa2 33. e6 fxe6 34. Ke5 Re2+ 35. Kd6 Rd8+ 36.
Ke7 Rxd5 37. Be5 a2 0-1

[Event "Early-Titled-Tuesday-Blitz-January-30-2024"]
[Site "Chess.com"]
[Date "2024.01.30"]
[Round "11"]
[White "ChEsper99"]
[Black "ricaurtelopezj1955"]
[Result "0-1"]
[WhiteElo "2148"]
[BlackElo "2193"]
[TimeControl "180+1"]
[EndTime "10:12:25 PST"]
[Termination "ricaurtelopezj1955 won on time"]

1. d4 d5 2. c4 e5 3. dxe5 d4 4. Nf3 Nc6 5. a3 Bg4 6. Nbd2 Qd7 7. h3 Bh5 8. b4 O-O-O 9. Bb2 f6 10. g3 fxe5 11.
b5 Na5 12. Nxe5 Qe6 13. Nef3 Nxc4 14. Nxc4 Qxc4 15. Rc1 Qd5 16. Bg2 Qxb5 17. Nxd4 Qxb2 18. Rb1 Qxd4 19. Bxb7+ Kb8 20. Bd5+ Qb6 21. Rxb6+ axb6 22. Qb3 Nf6 23. Bg2 Bc5 24. Qa4 Nd5 25. g4 Bf7 26.
O-O Rhe8 27. e3 Re5 28. Rd1 Rde8 29. Qc6 R8e6 30. Qb5 Rd6 31. Kf1 Bxe3 32. Bxd5 Bxd5 33. Qb3 Bxb3 0-1

[Event "Early-Titled-Tuesday-Blitz-January-30-2024"]
[Site "Chess.com"]
[Date "2024.01.30"]
[Round "11"]
[White "ValentunHulka"]
[Black "maximnovik"]
[Result "1-0"]
[WhiteElo "2788"]
[BlackElo "2616"]
[TimeControl "180+1"]
[EndTime "10:12:28 PST"]
[Termination "ValentunHulka won on time"]

1. Nc3 c6 2. e4 d5 3. Nf3 dxe4 4. Nxe4 Nf6 5. Qe2 Nxe4 6. Qxe4 Nd7 7. Bc4 Nf6 8. Qe2 e6 9. O-O b5 10. Bb3 Be7 11.
d4 O-O 12. Rd1 Qc7 13. Ne5 Bb7 14. a4 a6 15. Bf4 Bd6 16. Bg3 Rad8 17. Rd2 Rfe8 18.
Rad1 b4 19. Bh4 c5 20. Nxf7 Kxf7 21. dxc5 Bxh2+ 22. Kh1 Nd5 23. Qh5+ Kg8 24. Bxd8 Rxd8 25. Qxh2 Qxc5 26. Qe5 Qe7 27. Kg1 Qf7 28. Re1 Bc8 29.
Rd4 Rf8 30. Rd2 Nf4 31. g3 Ng6 32. Qxe6 Bxe6 33. Bxe6 Qxe6 34. Rxe6 a5 35. Rd5 Rc8 36. Re2 Ra8 37. Rb5 h6 38. Rd2 Nf8 39. Rdd5 Rc8 40. Rdc5 Rd8 41. Rxa5 Rd2 42. Rab5 Ne6 43. Rc4 Nd4 44.
Rbxb4 Nxc2 45. Rxc2 Rxc2 46. a5 Rc1+ 47. Kg2 Ra1 48.
Rb8+ Kf7 49. Ra8 Ra4 50. a6 1-0

[Event "Early-Titled-Tuesday-Blitz-January-30-2024"]
[Site "Chess.com"]
[Date "2024.01.30"]
[Round "11"]
[White "AnaKuchava"]
[Black "lilylg"]
[Result "0-1"]
[WhiteElo "2193"]
[BlackElo "2165"]
[TimeControl "180+1"]
[EndTime "10:12:30 PST"]
[Termination "lilylg won on time"]

1. d4 d5 2. Nf3 e6 3. c4 c6 4. Qb3 Bd6 5. Nc3 f5 6. Bg5 Nf6 7. e3 O-O 8. Bd3 Qe8 9. c5 Bc7 10. O-O Nbd7 11. Bf4 e5 12. Nxe5 Nxe5 13. dxe5 Bxe5 14.
Bxe5 Qxe5 15. Ne2 Rf7 16. Qc3 Qc7 17. Nd4 Bd7 18. b4 Ng4 19. g3 Re8 20. Qc2 Ne5 21.
Bxf5 Nf3+ 22. Kg2 Nxd4 23. Bxh7+ Kh8 24. exd4 Rf6 25. Rae1 Ref8 26. Re2 Rh6 27. Bd3 Bh3+ 28. Kg1 Bxf1 29. Kxf1 Rxh2 30. Kg1 Rh6 31. Bf5 Qf7 32. Be6 Qh5 33. f4 Qh1+ 34. Kf2 Qh2+ 35. Ke3 Qxg3+ 36.
Kd2 Qxf4+ 37. Kd1 Qxd4+ 38. Kc1 Rf1+ 0-1

[Event "Early-Titled-Tuesday-Blitz-January-30-2024"]
[Site "Chess.com"]
[Date "2024.01.30"]
[Round "11"]
[White "vishwa_vijeta"]
[Black "Alexchess1984"]
[Result "0-1"]
[WhiteElo "2548"]
[BlackElo "2735"]
[TimeControl "180+1"]
[EndTime "10:12:31 PST"]
[Termination "Alexchess1984 won by resignation"]

1. e4 c5 2. Nf3 Nc6 3. d4 cxd4 4. Nxd4 e5 5. Nf3 Nf6 6. Nc3 Bb4 7. Bc4 O-O 8. O-O Bxc3 9. bxc3 d6 10. Ba3 Nxe4 11.
Qd3 Nc5 12. Qe3 Qa5 13. Bxc5 Qxc5 14. Qxc5 dxc5 15. Rfe1 Re8 16. Ng5 Re7 17. Ne4 b6 18.
Rad1 Bb7 19. Nd6 Na5 20. Bxf7+ Rxf7 21. Nxf7 Kxf7 22. Rxe5 Bc6 23. f3 Nc4 24. Re2 Re8 25. Rxe8 Kxe8 26. Kf2 Ba4 27. Re1+ Kd7 28. Re4 b5 29.
Rg4 g6 30. Rh4 h5 31. g4 hxg4 32. fxg4 Bxc2 33. Kg3 Ne3 34. Rh7+ Kc6 35. Rxa7 Nd5 36. h4 Nxc3 37. h5 gxh5 38. gxh5 b4 39. h6 Ne4+ 40. Kf4 Nc3 41. Ke5 Kb5 42. Rf7 Nxa2 43.
h7 Bxh7 44. Rxh7 b3 45. Rh2 Kb4 46. Kd5 Nc3+ 47. Kc6 c4 48. Rh4 b2 0-1

[Event "Early-Titled-Tuesday-Blitz-January-30-2024"]
[Site "Chess.com"]
[Date "2024.01.30"]
[Round "11"]
[White "Resignify"]
[Black "maurovargas01"]
[Result "1-0"]
[WhiteElo "2266"]
[BlackElo "1856"]
[TimeControl "180+1"]
[EndTime "10:12:31 PST"]
[Termination "Resignify won on time"]

1. e4 d5 2. exd5 Qxd5 3. Nc3 Qa5 4. d4 c6 5. Bd2 Qc7 6. Bc4 Nf6 7. Nf3 Bg4 8. h3 Bh5 9. g4 Bg6 10. Ne5 Nbd7 11.
Bf4 Nxe5 12. dxe5 Rd8 13. Qf3 Nd5 14. Nxd5 cxd5 15. Bb5+ Rd7 16. c3 e6 17. Bxd7+ Kxd7 18. O-O Be4 19. Qg3 Bc5 20. Be3 Be7 21. f4 b6 22. Rad1 h5 23. g5 f6 24. Bd4 fxg5 25.
fxg5 Qd8 26. Rf7 g6 27. h4 Bf5 28. Rf1 Qg8 29. Rf6 Bxf6 30. exf6 Qb8 31. Be5 Qc8 32. Qe3 Qc5 33. Bd4 Qd6 34. Be5 Qc5 35. Bd4 Qd6 36. Qe5 Qxe5 37. Bxe5 Rc8 38. Kf2 Rc4 39. Bd4 Ke8 40.
Re1 1-0

[Event "Early-Titled-Tuesday-Blitz-January-30-2024"]
[Site "Chess.com"]
[Date "2024.01.30"]
[Round "11"]
[White "vladgoncharov"]
[Black "DeArron_Fox"]
[Result "0-1"]
[WhiteElo "2628"]
[BlackElo "2491"]
[TimeControl "180+1"]
[EndTime "10:12:32 PST"]
[Termination "DeArron_Fox won by resignation"]

1. d4 d5 2. c4 e6 3. Nc3 Nf6 4. cxd5 exd5 5. Bg5 c6 6. e3 Be7 7. Bd3 Nbd7 8. Nge2 Nh5 9. Bxe7 Qxe7 10. O-O O-O 11. Qb1 g6 12. b4 a6 13. a4 Ng7 14. b5 axb5 15. axb5 Rxa1 16. Qxa1 Nb6 17. bxc6 bxc6 18. Qa5 Qd8 19. Rb1 Nc4 20. Qc5 Qd6 21. Bxc4 Qxc5 22. dxc5 dxc4 23. Nd4 Ne6 24. Nxc6 Nxc5 25.
Rb8 Be6 26. Rxf8+ Kxf8 27. f3 Ke8 28. Kf2 Kd7 29. Nd4 Kc7 30. e4 Kb6 31. Ke3 Nb3 32. h4 Kc5 33. Nc2 Nc1 34. g4 Nd3 35. g5 Ne5 36. f4 Nc6 37. Ne2 Bg4 38. Ned4 Na5 39.
f5 Nb3 40. f6 Bd1 41. e5 Bxc2 42. e6 Nxd4 43. e7 Ba4 0-1

[Event "Early-Titled-Tuesday-Blitz-January-30-2024"]
[Site "Chess.com"]
[Date "2024.01.30"]
[Round "11"]
[White "invisible_s0ul"]
[Black "Kotofeyca"]
[Result "0-1"]
[WhiteElo "2250"]
[BlackElo "2377"]
[TimeControl "180+1"]
[EndTime "10:12:32 PST"]
[Termination "Kotofeyca won by checkmate"]

1. e4 c5 2. Nf3 d6 3. d4 cxd4 4.
Nxd4 Nf6 5. Nc3 a6 6. Bg5 e6 7. f4 Qb6 8. a3 Nc6 9. Nb3 Be7 10.
Qf3 O-O 11. Bd3 Qc7 12. O-O b5 13. Kh1 Bb7 14. Rae1 b4 15. axb4 Nxb4 16. Qg3 Nxd3 17.
cxd3 Kh8 18. Nd2 Qb6 19. Nc4 Qd4 20. e5 dxe5 21. fxe5 Nh5 22. Qe3 Qxe3 23. Bxe3 Rad8 24. d4 f5 25. Kg1 g5 26. g3 f4 27. Bf2 f3 28. Ne4 Ng7 29. Ned6 Bd5 30. b3 Nf5 31. Nxf5 Rxf5 32. Ra1 Ra8 33. Ra4 Rff8 34. Rfa1 Bb7 35.
Na5 Bd5 36. Nc4 Rfb8 37. Rxa6 Rxa6 38. Rxa6 Rxb3 39. Nd2 Rb2 40. Be3 g4 41. Ra5 Bb4 42. Ra1 Bxd2 43. Bxd2 Rxd2 44. Ra7 f2+ 45. Kf1 Bc4+ 46.
Kg2 f1=Q# 0-1

[Event "Early-Titled-Tuesday-Blitz-January-30-2024"]
[Site "Chess.com"]
[Date "2024.01.30"]
[Round "11"]
[White "K_A_S_T_O_R"]
[Black "scarabee43"]
[Result "0-1"]
[WhiteElo "2917"]
[BlackElo "2866"]
[TimeControl "180+1"]
[EndTime "10:12:37 PST"]
[Termination "scarabee43 won by resignation"]

1. e4 c5 2. Nf3 e6 3. d4 cxd4 4. Nxd4 Nc6 5. Nb5 d6 6. c4 Nf6 7. N1c3 a6 8. Na3 Be7 9. Be2 O-O 10. O-O b6 11. Be3 Bb7 12. Rc1 Rc8 13. Qd2 Ne5 14. f3 d5 15. cxd5 exd5 16. exd5 Bb4 17. Bd4 Nxd5 18. Nab1 Ng6 19. Rfd1 Ndf4 20. Bf1 Qg5 21. Kh1 Rfd8 22. Qf2 b5 23. Nd2 f5 24. Nb3 Ne6 25. Bb6 Rxd1 26. Rxd1 Bxc3 27. bxc3 Rxc3 28. Ba5 Rc8 29. Rd7 Bc6 30. Ra7 Nef4 31. Qd4 Nh4 32. Bc3 Nh5 33. Bd2 Qd8 34. Qe5 Qd5 35. Qe7 Nxf3 36.
Bc3 Ng5 37. Nd4 Ne4 38. Ne6 Qd1 39. Qxg7+ Nxg7 40. Rxg7+ Kh8 41. Rd7+ Nxc3 42. Rxd1 Nxd1 43. Kg1 Nc3 0-1

[Event "Early-Titled-Tuesday-Blitz-January-30-2024"]
[Site "Chess.com"]
[Date "2024.01.30"]
[Round "11"]
[White "Andrey_Klymchuk"]
[Black "ilqar_74"]
[Result "1-0"]
[WhiteElo "2760"]
[BlackElo "2835"]
[TimeControl "180+1"]
[EndTime "10:12:37 PST"]
[Termination "Andrey_Klymchuk won by checkmate"]

1. e4 c5 2. Nf3 d6 3. d4 cxd4 4. Nxd4 Nf6 5. Nc3 e5 6. Bb5+ Bd7 7. Bxd7+ Qxd7 8. Nde2 Qc6 9. Qd3 Nbd7 10. Be3 Be7 11. O-O-O a6 12. f3 Rc8 13. g4 Nc5 14. Qd2 Na4 15.
Nxa4 Qxa4 16. Kb1 O-O 17. Nc3 Qc6 18. h4 Rfd8 19. h5 Nd7 20. Nd5 Bf8 21. g5 Nc5 22.
Rh2 Ne6 23. g6 Nc7 24. Nb6 Rb8 25. gxf7+ Kxf7 26. Rg2 Re8 27. Rdg1 Re6 28. Qd3 Qb5 29.
c4 Qe8 30. Rg5 Kg8 31. Qf1 Qf7 32. Qg2 Rf6 33. Rg3 a5 34. Bg5 Re6 35. Qh3 d5 36. Nxd5 Nxd5 37. cxd5 Rb6 38. Be3 Rb5 39. Rc1 Qe7 40.
Rc2 a4 41. Rg1 a3 42. b3 Qf7 43. Rgc1 Ra5 44. Rc7 Qf6 45. Qg4 Raa8 46. Bg5 Qb6 47. h6 g6 48. Be7 Re8 49. d6 Bxe7 50. Qe6+ Kh8 51. Rxe7 Rxe7 52. Qxe7 Qf2 53. Qg7# 1-0

[Event "Early-Titled-Tuesday-Blitz-January-30-2024"]
[Site "Chess.com"]
[Date "2024.01.30"]
[Round "11"]
[White "Bilan_Danila"]
[Black "amanjazu"]
[Result "1-0"]
[WhiteElo "2613"]
[BlackElo "2444"]
[TimeControl "180+1"]
[EndTime "10:12:37 PST"]
[Termination "Bilan_Danila won by resignation"]

1. d4 Nf6 2. c4 g6 3. Nc3 Bg7 4.
e4 d6 5. Nf3 O-O 6. Be2 c5 7.
d5 Bg4 8. O-O Nbd7 9. Bg5 h6 10.
Bh4 a6 11. Nd2 Bxe2 12. Qxe2 Rb8 13. f4 b5 14. e5 dxe5 15. fxe5 Nh7 16. Nf3 g5 17.
Bg3 e6 18. Rad1 Qc7 19. cxb5 axb5 20. Nxb5 Qb7 21. dxe6 fxe6 22. a4 g4 23. Nh4 Rxf1+ 24. Rxf1 Rf8 25. Rxf8+ Nhxf8 26. Qxg4 Qd5 27. h3 Qb3 28.
Nd6 Kh7 29. Qe4+ Kg8 30. Qf4 Qxb2 31. Qf7+ Kh7 32. Ne8 Qc1+ 33. Kh2 Qg5 34. Bf4 Nxe5 35. Bxe5 Qxe5+ 36. Kh1 Qe1+ 37. Kh2 Qe5+ 38. Kg1 Qd4+ 39. Kf1 c4 40. Nf3 Qa1+ 41. Kf2 Qb2+ 42. Kg3 Qc3 43. a5 Kh8 44. a6 Nh7 45. Qxg7+ Qxg7+ 46. Nxg7 Kxg7 47. a7 1-0

[Event "Early-Titled-Tuesday-Blitz-January-30-2024"]
[Site "Chess.com"]
[Date "2024.01.30"]
[Round "11"]
[White "RobertoJBM"]
[Black "SaiAgni_98"]
[Result "1-0"]
[WhiteElo "2807"]
[BlackElo "2571"]
[TimeControl "180+1"]
[EndTime "10:12:40 PST"]
[Termination "RobertoJBM won by resignation"]

1. d4 d5 2. c4 e6 3. Nc3 h6 4.
Nf3 Nf6 5. Bf4 Bd6 6. Bg3 O-O 7. e3 a6 8. c5 Bxg3 9. hxg3 b6 10. cxb6 cxb6 11. Rc1 Bb7 12. Bd3 Nc6 13. O-O b5 14. a3 Na5 15. Qe2 Rc8 16. Na2 Nc4 17. Rc2 Qd6 18.
Rfc1 e5 19. Bxc4 e4 20. Bb3 exf3 21. Qxf3 h5 22. Qf4 Qe6 23. Nb4 Ne4 24. Nd3 Rxc2 25. Rxc2 Ba8 26. Nc5 Nxc5 27. Rxc5 Rc8 28. Bd1 g6 29. b4 Re8 30. Bf3 Rd8 31. Bxh5 Kg7 32. Bg4 Qe7 33. Rc7 Qf6 34. Qxf6+ Kxf6 35. Be2 Rd6 36. f3 Ke6 37. Kf2 Rd8 38. g4 g5 39.
f4 gxf4 40. exf4 f6 41. Bf3 Rd7 42. Rxd7 Kxd7 43. Kg3 Ke6 44. Kh4 Bc6 45. Kh5 Be8+ 46. Kh6 Bc6 47. Be2 Kf7 48. Bd3 Bd7 49. Bf5 Bc6 50.
g5 fxg5 51. fxg5 Be8 52. Bg6+ 1-0

[Event "Early-Titled-Tuesday-Blitz-January-30-2024"]
[Site "Chess.com"]
[Date "2024.01.30"]
[Round "11"]
[White "Hikaru"]
[Black "artooon"]
[Result "1-0"]
[WhiteElo "3283"]
[BlackElo "3027"]
[TimeControl "180+1"]
[EndTime "10:12:41 PST"]
[Termination "Hikaru won on time"]

1. e4 e5 2. Bc4 Nf6 3. d3 Nc6 4. Nc3 Na5 5. Qf3 Nxc4 6. dxc4 d6 7. Nge2 Be7 8. O-O O-O 9. b3 Bg4 10. Qe3 Nd7 11. Ng3 Nc5 12. h3 Be6 13. Nf5 Bf6 14. Qf3 g6 15. Ne3 Bg7 16. Ba3 b6 17. Qe2 f5 18. f3 Qh4 19. Ned5 Rf7 20. Rad1 Raf8 21. exf5 gxf5 22. f4 c6 23. Nb4 exf4 24. Nxc6 Bxc3 25.
Bxc5 Bd7 26. Bf2 Qg5 27. Rxd6 Rg7 28. Qf3 Be8 29. Bd4 Bh5 30. Qd5+ Bf7 31. Qf3 Bh5 32. Qf2 Bxd4 33. Nxd4 Re8 34. Ne6 Rxe6 35. Rxe6 f3 36. g3 f4 37. Rd1 fxg3 38. Qd4 f2+ 39. Kg2 Bxd1 40. Re8+ Kf7 41. Qd7+ Kg6 42. Re6+ 1-0

[Event "Early-Titled-Tuesday-Blitz-January-30-2024"]
[Site "Chess.com"]
[Date "2024.01.30"]
[Round "11"]
[White "jefferyx"]
[Black "HansOnTwitch"]
[Result "1/2-1/2"]
[WhiteElo "3019"]
[BlackElo "3210"]
[TimeControl "180+1"]
[EndTime "10:12:42 PST"]
[Termination "Game drawn by repetition"]

1. e4 c6 2. Nf3 d5 3. d3 g6 4.
e5 c5 5. c3 Nc6 6. d4 Bg4 7. Nbd2 cxd4 8. cxd4 Bh6 9. Bb5 Qb6 10.
Bxc6+ Qxc6 11. h3 Bd7 12. Nb3 Bg7 13. Nc5 Bc8 14. O-O b6 15. Nd3 a5 16. Re1 Ba6 17.
Bg5 h6 18. Be3 e6 19. Rc1 Qb5 20. Rc3 Ne7 21. Qd2 Nf5 22. Rb3 Qc6 23. Rc1 Bc4 24. Rbc3 Qb5 25. b3 Bxd3 26. Rxd3 Kd7 27. Rdc3 Rhc8 28.
g4 Nxe3 29. Qxe3 Rxc3 30. Qxc3 Bf8 31. Qc7+ Ke8 32. Qb7 Rd8 33. Rc7 Rd7 34. Rc8+ Rd8 35. Rxd8+ Kxd8 36. Qxf7 Qe8 37. Qb7 Qb5 38. Nh4 g5 39.
Ng6 Bb4 40. Nh8 Qe2 41. Qxb6+ Kd7 42. Qb7+ Kd8 43. Qf7 Qe1+ 44. Kg2 Qe4+ 45. Qf3 Qxd4 46. Qf6+ Kd7 47. Qf7+ Kd8 48. Qxe6 Qe4+ 49. Kg1 Qe1+ 50. Kg2 Qe4+ 51. Kg1 Qe1+ 52. Kg2 Qe4+ 1/2-1/2

[Event "Early-Titled-Tuesday-Blitz-January-30-2024"]
[Site "Chess.com"]
[Date "2024.01.30"]
[Round "11"]
[White "YairParkhov"]
[Black "the_chess_child"]
[Result "1/2-1/2"]
[WhiteElo "2694"]
[BlackElo "2866"]
[TimeControl "180+1"]
[EndTime "10:12:42 PST"]
[Termination "Game drawn - insufficient material"]

1. c4 e5 2. g3 h5 3. Nf3 e4 4. Nh4 c6 5. d3 exd3 6. Qxd3 d6 7. Nc3 Nd7 8. Bf4 Ne5 9. Qd4 Qc7 10. O-O-O Be6 11. c5 O-O-O 12. cxd6 Bxd6 13. Qxa7 Nf6 14. e4 Nfd7 15. Be2 f6 16. Nf5 Bc5 17. Qa8+ Nb8 18.
Be3 Bxe3+ 19. Nxe3 Rxd1+ 20. Rxd1 Rd8 21. Rxd8+ Qxd8 22.
Qa7 g5 23. Na4 Nd3+ 24. Bxd3 Qxd3 25. Qxb7+ Kxb7 26. Nc5+ Kb6 27. Nxd3 Bxa2 28. e5 Nd7 29. f4 gxf4 30. gxf4 fxe5 31. Nxe5 Nxe5 32. fxe5 Kc5 33.
Nf5 Kd5 34. Ne7+ Kxe5 35. Nxc6+ Kf4 36. Kd2 Kf3 37. Ke1 Kg2 38. h4 Kg3 39. Nb4 Bc4 40.
Nc2 Kxh4 41. Kf2 Kg5 42. Ne3 Be6 43. Kg3 h4+ 44. Kf3 h3 45. Kg3 Kf6 46. Nd1 Ke5 47.
Nf2 Kd4 48. Nxh3 Bxh3 49. Kxh3 Kc4 50. Kg4 Kb4 51. Kf4 Kb3 52. Ke5 Kxb2 1/2-1/2